 Dungeon Crawl Stone Soup version 0.29-a0-982-gaed3a0c8d8 (webtiles) character file.

Game seed: 9156978348372010961

24275 jlumianski the Cleaver (level 12, -6/91 HPs)
             Began as a Demonspawn Fighter on July 31, 2022.
             Was a High Priest of Okawaru.
             Mangled by an orc warrior
             ... wielding a +2 trident of venom
              (23 damage)
             ... on level 2 of the Orcish Mines on Aug 1, 2022.
             The game lasted 01:21:22 (17830 turns).

jlumianski the Cleaver (Demonspawn Fighter)        Turns: 17830, Time: 01:21:23

Health: -6/91      AC: 27    Str: 20    XL:     12   Next: 79%
Magic:  19/19      EV:  8    Int: 11    God:    Okawaru [*****.]
Gold:   1114       SH: 16    Dex: 13    Spells: 11/11 levels left

rFire   + . .      SeeInvis +   E - +4 broad axe
rCold   . . .      Faith    .   j - +1 kite shield
rNeg    + + .      Spirit   .   U - +1 chain mail {rPois}
rPois   +          Reflect  +   (helmet unavailable)
rElec   .          Harm     .   X - +1 cloak of Disguise {Stlth+}
rCorr   .          Rampage  .   k - +2 pair of gloves
Will    .....                   s - +3 pair of mountain boots {steadfast, rC+}
Stlth   ..........              L - amulet of Fausots {Reflect Drain rN++ SH+5}
HPRegen 0.25/turn               y - +4 ring of protection
MPRegen 0.16/turn               A - ring of fire

@: about to teleport
A: antennae 3, slimy green scales 1, foul stench 1, subdued magic 1
a: Renounce Religion, Heroism, Finesse, Duel


You were on level 2 of the Orcish Mines.
You worshipped Okawaru.
Okawaru was extremely pleased with you.
You visited 3 branches of the dungeon, and saw 15 of its levels.

You collected 1375 gold pieces.
You spent 261 gold pieces at shops.

Inventory:

Hand Weapons
 b - a +2 morningstar
 E - a +4 broad axe (weapon)
Missiles
 g - 27 poisoned darts (quivered)
 u - 6 curare-tipped darts
 C - 26 boomerangs
 Y - 2 silver boomerangs
Armour
 j - a +1 kite shield (worn)
 k - a +2 pair of gloves (worn)
 s - the +3 pair of mountain boots (worn) {steadfast, rC+}
   (You found it on level 7 of the Dungeon)

   It prevents involuntary movement, except for blinking, teleportation, or
   banishment.
   rC:        It protects you from cold.
 Q - a scarf of resistance
 U - a +1 chain mail of poison resistance (worn)
 X - the +1 cloak of Disguise (worn) {Stlth+}
   (Okawaru gifted it to you on level 2 of the Orcish Mines)

   Stlth:     It makes you more stealthy.
Jewellery
 e - a ring of ice
 f - a +6 ring of dexterity
 y - a +4 ring of protection (left hand)
 A - a ring of fire (right hand)
 K - a ring of flight
 L - the amulet of Fausots (around neck) {Reflect Drain rN++ SH+5}
   (You found it on level 10 of the Dungeon)

   [amulet of reflection]

   It reflects blocked missile attacks.
   rN:        It greatly protects you from negative energy.
   Drain:     It drains your maximum health when unequipped.
   SH:        It affects your SH (+5).
Wands
 q - a wand of polymorph (30)
 r - a wand of paralysis (6)
 F - a wand of flame (49)
 I - a wand of roots (7)
Scrolls
 m - a scroll of silence
 o - a scroll of poison
 p - 2 scrolls of fear
 x - a scroll of blinking
 B - a scroll of magic mapping
 M - a scroll of teleportation
Potions
 d - 2 potions of might
 i - a potion of invisibility
 w - 2 potions of curing
 z - a potion of magic
 G - a potion of lignification
 J - 2 potions of attraction
 S - a potion of brilliance


   Skills:
 + Level 7.6 Fighting
 + Level 12.0 Axes
 * Level 7.1 Armour
 + Level 4.6 Dodging
 * Level 3.4 Stealth
 + Level 7.3 Shields
 * Level 10.2 Invocations
 * Level 7.6 Evocations


You had 11 spell levels left.
You didn't know any spells.
Your spell library contained the following spells:

 Spells                   Type           Power      Damage    Failure   Level
 Beastly Appendage        Tmut           0%         N/A       100%        1
 Foxfire                  Conj/Fire      0%         2x1d4     100%        1
 Freeze                   Ice            0%         1d3       100%        1
 Shock                    Conj/Air       0%         1d3       100%        1
 Wereblood                Tmut           0%         N/A       100%        2
 Conjure Flame            Conj/Fire      0%         6-21      100%        3
 Frozen Ramparts          Ice            0%         1d8       100%        3
 Inner Flame              Hex/Fire       0%         N/A       100%        3
 Spider Form              Tmut/Pois      0%         N/A       100%        3
 Swiftness                Air            0%         N/A       100%        3
 Airstrike                Air            0%         0-1+      100%        4
 Flame Wave               Conj/Fire      0%         2d4       100%        4
 Hailstorm                Conj/Ice       0%         3d3       100%        4
 Ice Form                 Ice/Tmut       0%         N/A       100%        4
 Summon Ice Beast         Ice/Summ       Unusable   N/A       N/A         4

Dungeon Overview and Level Annotations

Branches:
Dungeon (12/15)            Temple (1/1) D:4            Lair (0/5) D:8
    Orc (2/2) D:11
    Elf: Orc:2

Altars:
Ashenzari
Cheibriados
Dithmenos
Fedhas
Gozag
Hepliaklqana
Kikubaaqudgha
Makhleb
Nemelex Xobeh
Okawaru
Qazlal
Ru
Sif Muna
Trog
Uskayaw
Vehumet
Wu Jian
Xom
Yredelemnul

Shops:
D:1 (   D:3 ?   D:4 *   D:5 (   D:6 :   Orc:2 *=


Innate Abilities, Weirdness & Mutations

You have a pair of large antennae on your head. (SInv)
You are partially covered in slimy green scales. (AC +2)
You may rarely emit foul miasma when damaged in melee.
Your spells are a little easier to cast, but a little less powerful.


Message History

You feel very sick.
The orc knight hits you with a +0 great sword!
You block the orc warrior's attack.
You hit the orc knight.
The orc knight is moderately wounded.
You feel sick. You block the orc knight's attack.
The orc warrior hits you from afar with a +2 trident of venom!
You are more poisoned.
You feel better. You block the orc knight's attack.
The orc warrior barely misses you.
You slash the orc knight!
The orc knight is heavily wounded.
You block the orc knight's attack. You block the orc warrior's attack.
You slash the orc knight!
The orc knight is severely wounded.
You block the orc knight's attack.
The orc warrior hits you from afar with a +2 trident of venom!
* * * LOW HITPOINT WARNING * * *
Aiming: Fastroot
Press: ? - help, Shift-Dir - straight line, f - orc knight
Aim: an orc knight, wielding a +0 great sword and wearing a +0 chain mail (severely wounded)
Okay, then.
Aiming: Paralyse
Press: ? - help, Shift-Dir - straight line, f - orc knight
Aim: an orc knight, wielding a +0 great sword and wearing a +0 chain mail (severely wounded, chance to affect: 50%)
The orc knight resists with some effort.
You block the orc knight's attack.
The orc warrior hits you from afar with a +2 trident of venom!
* * * LOW HITPOINT WARNING * * *
You are lethally poisoned!
As you read the scroll of teleportation, it crumbles to dust.
You feel strangely unstable.
* * * LOW HITPOINT WARNING * * *
You feel very sick.
The orc knight hits you with a +0 great sword.
* * * LOW HITPOINT WARNING * * *
You block the orc warrior's attack.
You feel better. You block the orc knight's attack.
The orc warrior hits you from afar with a +2 trident of venom!!
You die...

##.........##.#
#...........#.+ {
#...........#.# {
.[..).###'###.#####
......#.[)[.#.#...#
[.)...#.....#.'...#
......#..⌠..'.#..∩#
.<....#.....#.#####
......#.....#.oo@.#
.....########'###.#
.....## #..)).#.#
##....# #.._..'.#
####.# #.....#.#
#.#######'###.#
####......#...#
#'######'### #.#
#...#


You could see an orc knight and an orc warrior (strong).

Vanquished Creatures
  An orc warlord (Orc:2)
  9 two-headed ogres
  2 orc high priests
  An orc knight (Orc:2)
  An orc sorcerer (Orc:2)
  A wolf spider (D:10)
  2 manticores
  3 ugly things
  2 cyclopes
  Joseph (D:8)
  Maggie (D:8)
  4 trolls
  Grinder (D:6)
  A shadow (D:9)
  5 yaks (D:11)
  A wyvern (D:10)
  2 wraiths (D:11)
  A steam dragon (D:8)
  9 vampire mosquitoes
  2 wargs (Orc:2)
  3 acid dragons
  36 orc warriors
  A sky beast (D:3)
  A black bear (D:6)
  3 ice beasts
  12 ogres
  3 phantoms (D:4)
  4 centaurs
  2 kobold brigands
  5 bullfrogs
  A necrophage (D:7)
  2 scorpions
  3 wights
  4 howler monkeys
  4 jellies
  22 orc priests
  A gnoll bouda (D:7)
  Terence (D:3)
  3 iguanas
  24 orc wizards
  11 gnolls
  5 adders
  A shadow imp (D:7)
  A white imp (D:7)
  An ufetubus (D:5)
  A dart slug (D:1)
  93 orcs
  3 bats
  12 endoplasms
  4 giant cockroaches
  5 goblins (D:1)
  7 hobgoblins
  10 jackals
  18 kobolds
  7 quokkas
  6 ball pythons
  6 frilled lizards
  9 rats
385 creatures vanquished.

Vanquished Creatures (others)
  Sonja (D:11)
  A plant (Orc:2)
2 creatures vanquished.

Grand Total: 387 creatures vanquished

Notes
Turn   | Place    | Note
-------+----------+-------------------------------------------
     0 | D:1      | jlumianski the Demonspawn Fighter began the quest for the
                  | Orb.
     0 | D:1      | Reached XP level 1. HP: 18/18 MP: 1/1
   104 | D:1      | Gained mutation: You have a pair of small antennae on your
                  | head. [demonic ancestry]
   104 | D:1      | Reached XP level 2. HP: 24/24 MP: 2/2
   394 | D:1      | Reached skill level 2 in Axes
   565 | D:1      | Found Zuymioz's Weapon Emporium.
   684 | D:1      | Reached XP level 3. HP: 29/29 MP: 3/3
   751 | D:1      | Found a faded altar of an unknown god.
  1152 | D:3      | Noticed a sky beast
  1442 | D:3      | Identified the +1 robe "Urghuy" {Archmagi}
  1500 | D:3      | Reached skill level 1 in Dodging
  1500 | D:3      | Gained mutation: You are partially covered in slimy green
                  | scales. (AC +2) [demonic ancestry]
  1500 | D:3      | Reached XP level 4. HP: 31/35 MP: 4/4
  1925 | D:4      | Found a staircase to the Ecumenical Temple.
  1939 | Temple   | Entered the Ecumenical Temple
  1984 | Temple   | Became a worshipper of Warmaster Okawaru
  2103 | D:5      | Entered Level 5 of the Dungeon
  2112 | D:5      | Noticed a phantom
  2134 | D:4      | Killed a phantom
  2135 | D:4      | Reached skill level 3 in Axes
  2135 | D:4      | Gained mutation: You may rarely emit foul miasma when
                  | damaged in melee. [demonic ancestry]
  2135 | D:4      | Reached XP level 5. HP: 23/42 MP: 5/5
  2283 | D:5      | Found Hiats's Antique Weapon Shoppe.
  2287 | D:5      | You fall into a shaft and drop 2 floors!
  2297 | D:7      | Reached * piety under Okawaru
  2331 | D:7      | Noticed a centaur
  2331 | D:7      | Found the +3 pair of mountain boots {steadfast, rC+}
  2332 | D:7      | Found a broken altar of Ashenzari.
  2348 | D:7      | Killed a centaur
  2349 | D:7      | Gained mutation: You have a pair of antennae on your head.
                  | [demonic ancestry]
  2349 | D:7      | Reached XP level 6. HP: 6/48 MP: 6/6
  2352 | D:7      | Noticed an orc warrior
  2637 | D:7      | Reached skill level 4 in Axes
  2640 | D:7      | Noticed an ice beast
  2662 | D:7      | Killed an ice beast
  2815 | D:6      | Noticed an ice beast
  2821 | D:6      | Reached XP level 7. HP: 39/54 MP: 7/7
  2842 | D:6      | Reached ** piety under Okawaru
  3150 | D:6      | Found Efirem's Book Shoppe.
  3593 | D:3      | Noticed Terence
  3603 | D:3      | Killed Terence
  3609 | D:3      | Found a bloodstained altar of Trog.
  3612 | D:3      | Found Petzoh's Magic Scroll Emporium.
  3628 | D:3      | Bought a scroll of blinking for 97 gold pieces
  3628 | D:3      | Bought a scroll of identify for 26 gold pieces
  3628 | D:3      | Bought a scroll of identify for 26 gold pieces
  3874 | D:3      | Reached skill level 5 in Axes
  3888 | D:3      | Found a shimmering blue altar of Sif Muna.
  3952 | D:3      | Found a hazy altar of Hepliaklqana.
  3952 | D:3      | Found a stormy altar of Qazlal.
  4513 | D:4      | Found Haargh's Assorted Antiques.
  5032 | D:5      | Reached XP level 8. HP: 41/61 MP: 8/8
  5470 | D:4      | Reached skill level 1 in Invocations
  5842 | D:6      | Reached skill level 1 in Evocations
  5874 | D:5      | Bought a broad axe for 112 gold pieces
  6031 | D:7      | Reached skill level 6 in Axes
  6422 | D:6      | Noticed Grinder
  6429 | D:6      | Paralysed by Grinder for 3 turns
  6448 | D:6      | Killed Grinder
  6448 | D:6      | Reached *** piety under Okawaru
  6449 | D:6      | Reached skill level 5 in Armour
  6449 | D:6      | Reached skill level 1 in Stealth
  7006 | D:7      | Reached XP level 9. HP: 63/67 MP: 10/12
  7396 | D:8      | Reached skill level 7 in Axes
  7437 | D:8      | Noticed a red ugly thing
  7461 | D:8      | Killed a red ugly thing
  7461 | D:8      | Reached **** piety under Okawaru
  7462 | D:8      | Reached skill level 5 in Fighting
  7818 | D:8      | Reached skill level 5 in Invocations
  7978 | D:8      | Noticed a manticore
  7987 | D:8      | Killed a manticore
  8167 | D:8      | Found a staircase to the Lair.
  8211 | D:8      | Noticed Joseph
  8227 | D:8      | Killed Joseph
  8228 | D:8      | Reached skill level 8 in Axes
  8228 | D:8      | Reached skill level 5 in Shields
  8688 | D:8      | Reached XP level 10. HP: 54/74 MP: 14/14
  9038 | D:7      | Reached ***** piety under Okawaru
  9356 | D:8      | Noticed a two-headed ogre
  9369 | D:8      | Killed a two-headed ogre
  9498 | D:8      | Noticed Maggie
  9516 | D:8      | Killed Maggie
  9931 | D:9      | Reached skill level 9 in Axes
 10313 | D:10     | Entered Level 10 of the Dungeon
 10505 | D:10     | Reached skill level 5 in Evocations
 10830 | D:10     | Found a blossoming altar of Fedhas.
 11376 | D:10     | Identified the amulet of Fausots {Reflect Drain rN++ SH+5}
 11553 | D:10     | Noticed a cyclops
 11566 | D:10     | Killed a cyclops
 11566 | D:10     | Received a gift from Okawaru
 11670 | D:10     | Noticed a wolf spider
 11675 | D:10     | Killed a wolf spider
 11676 | D:10     | Reached XP level 11. HP: 68/81 MP: 16/16
 11864 | D:11     | Found a staircase to the Orcish Mines.
 12022 | D:11     | HP: 3/81 [acid dragon (3)]
 12325 | D:11     | Noticed a two-headed ogre
 12334 | D:11     | Killed a two-headed ogre
 12335 | D:11     | Reached skill level 10 in Axes
 12612 | D:11     | Noticed Sonja
 12635 | D:11     | Killed Sonja
 12729 | D:11     | Noticed a green ugly thing
 12731 | D:11     | Upgraded the game from 0.29-a0-973-gac7da5f7f0 to
                  | 0.29-a0-982-gaed3a0c8d8
 12743 | D:11     | Killed a green ugly thing
 13129 | D:11     | Noticed a boulder beetle
 13471 | D:11     | Noticed a brown ugly thing
 13483 | D:11     | Killed a brown ugly thing
 13704 | Orc:1    | Entered Level 1 of the Orcish Mines
 13751 | Orc:1    | Found a radiant altar of Vehumet.
 14390 | Orc:2    | Entered Level 2 of the Orcish Mines
 14390 | Orc:2    | Noticed a two-headed ogre
 14419 | Orc:1    | Killed a two-headed ogre
 14419 | Orc:1    | Received a gift from Okawaru
 14465 | Orc:2    | Noticed a two-headed ogre
 14479 | Orc:2    | Killed a two-headed ogre
 14480 | Orc:2    | Reached skill level 11 in Axes
 14769 | Orc:2    | Noticed a two-headed ogre
 14776 | Orc:2    | Noticed a two-headed ogre
 14791 | Orc:1    | Killed a two-headed ogre
 14792 | Orc:1    | Gained mutation: You have a pair of large antennae on your
                  | head. (SInv) [demonic ancestry]
 14792 | Orc:1    | Reached XP level 12. HP: 51/91 MP: 18/18
 14961 | Orc:2    | Killed a two-headed ogre
 15092 | Orc:2    | Noticed a two-headed ogre
 15103 | Orc:2    | Killed a two-headed ogre
 15158 | Orc:2    | Noticed a two-headed ogre
 15165 | Orc:2    | Killed a two-headed ogre
 15259 | Orc:2    | Identified the +1 cloak of Disguise {Stlth+} (Okawaru
                  | gifted it to you on level 2 of the Orcish Mines)
 15259 | Orc:2    | Received a gift from Okawaru
 15889 | Orc:2    | Noticed an orc high priest
 16310 | Orc:1    | Killed an orc high priest
 16541 | Orc:2    | Noticed an orc warlord
 16580 | Orc:2    | Killed an orc warlord
 16731 | Orc:2    | Found Deto's Assorted Antiques.
 16784 | Orc:2    | Noticed an orc high priest
 16793 | Orc:2    | Gained mutation: Your spells are a little easier to cast,
                  | but a little less powerful. [a neqoxec]
 17173 | Orc:2    | Killed an orc high priest
 17174 | Orc:2    | Reached skill level 10 in Invocations
 17456 | Orc:2    | Noticed a two-headed ogre
 17463 | Orc:2    | Killed a two-headed ogre
 17464 | Orc:2    | Paralysed by an orc sorcerer for 4 turns
 17470 | Orc:2    | Reached skill level 12 in Axes
 17807 | Orc:2    | Found Wiexil's Jewellery Boutique.
 17830 | Orc:2    | Mangled by an orc warrior

Illustrated notes

Levels and vault maps discovered:
D:1:      evilmike_arrival_crescent, layout_loops_cross,
          hellmonk_ecumenical_altar_inner_sanctum, serial_shops,
          nicolae_shop_bloodbath_and_beyond, kennysheep_boxes
D:2:      layout_rooms, grunt_decor_cap
D:3:      layout_loops_ring, mainiacjoe_overflow_cross_hatched,
          trog_butcher_becter, mainiacjoe_overflow_big_doors, serial_shops,
          shop, st_stairs_9, uniq_terence
D:4:      cheibrodos_helix_gallery, layout_loops_cross, elyvilon_altar_3,
          minmay_temple_entry_tees, serial_shops, nicolae_shop_stone
D:5:      layout_rooms, serial_shops, shop
D:6:      layout_cave_pods, serial_shops, shop, uniq_grinder
D:7:      layout_basic, mainiacjoe_overflow_small_starburst
D:8:      layout_gridville, lair_entry_dummy, uniq_joseph, uniq_maggie
D:9:      layout_irregular_city
D:10:     layout_loops_cross, chequers_temple_overflow_statue_of_worship,
          minivault_16, minmay_three_doors
D:11:     layout_loops_corners, david_orc_4, minivault_13, uniq_sonja
D:12:     layout_roguey, uniq_snorg
Temple:   nicolae_temple_ecumenical_triangle
Orc:1:    layout_caves, basic_altar
Orc:2:    pubby_orc_utopia, serial_shops

Skill      XL: |  1  2  3  4  5  6  7  8  9 10 11 12 |
---------------+-------------------------------------+-----
Shields        | 3 4 5 6 7 |  7.3
Axes           | 2 3 4 5 6 8 9 11 12 | 12.0
Armour         | 3 4 5 6 7 |  7.1
Dodging        | 1 2 3 4 |  4.6
Fighting       | 4 5 6 7 |  7.6
Invocations    | 4 5 7 9 10 | 10.2
Evocations     | 2 4 5 6 7 |  7.6
Stealth        | 1 2 3 |  3.4

Action                   |  1- 3 |  4- 6 |  7- 9 | 10-12 || total
-------------------------+-------+-------+-------+-------++-------
Melee: War axe           |   143 |    86 |   223 |       ||   452
       Broad axe         |       |       |   208 |   786 ||   994
Throw: Dart              |     1 |     1 |    19 |    25 ||    46
Invok: Heroism           |       |       |     1 |    14 ||    15
       Finesse           |       |       |       |     2 ||     2
Evoke: Wand              |       |       |     1 |     2 ||     3
  Use: Potion            |       |     1 |     2 |     7 ||    10
       Scroll            |       |     2 |    14 |    10 ||    26
 Stab: Paralysed         |       |       |     4 |       ||     4
       Sleeping          |       |       |       |     2 ||     2
       Distracted        |       |       |       |     1 ||     1
       Invisible         |       |       |       |     1 ||     1
Armor: Scale mail        |    97 |    59 |   138 |       ||   294
       Plate armour      |       |       |   188 |    66 ||   254
       Swamp dragon scal |       |       |       |   125 ||   125
       Chain mail        |       |       |       |   165 ||   165
Dodge: Dodged            |    94 |    51 |   168 |   269 ||   582
Block: Buckler           |    53 |    19 |   133 |    48 ||   253
       Kite shield       |       |       |       |   588 ||   588
       Reflection        |       |       |       |    15 ||    15

Table legend: (Time is in decaauts)
 A = Elapsed time spent in this place.
 B = Non-inter-level travel time spent in this place.
 C = Inter-level travel time spent in this place.
 D = Time resting spent in this place.
 E = Time spent auto-exploring this place.
 F = Levels seen in this place.
 G = Mean time per level.
                   A        B        C        D        E       F      G
               +--------+--------+--------+--------+--------+-----+--------+
         Total |  18262 |  17821 |    441 |   3960 |   7402 |  15 | 1217.5 |
       Dungeon |  14328 |  13915 |    413 |   2596 |   6584 |  12 | 1194.0 |
        Temple |     58 |     58 |      0 |      0 |      0 |   1 |   58.0 |
  Orcish Mines |   3874 |   3847 |     27 |   1364 |    818 |   2 | 1937.0 |
               +--------+--------+--------+--------+--------+-----+--------+

Top non-repeatable levels by time:
    D:11: 2178 daAuts
   Orc:2: 2147 daAuts
     D:8: 2124 daAuts
   Orc:1: 1727 daAuts
     D:6: 1563 daAuts
     D:7: 1261 daAuts
     D:3: 1209 daAuts
     D:1: 1174 daAuts
     D:9: 1095 daAuts
    D:10: 1065 daAuts
     D:4: 1034 daAuts
     D:5: 851 daAuts
     D:2: 746 daAuts
  Temple: 58 daAuts
    D:12: 26 daAuts
